Match 47403876
Unlisted

Match 47403876
End
Construct Infanterie Kompanie
Selects Luftwaffe Battlegroup
MG 42 Machine Gun Team
Grenadier Squad
GrW 34 Mortar Team
Construct Panzergrenadier Kompanie
Selects Stuka Strafing Run
Panzergrenadier Squad
Panzergrenadier Officer Quarters
Stuka Strafing Run
Support Elements
Stuka Strafing Run
Nebelwerfer 42 Rocket Launcher Team
Selects Luftwaffe Pioneer Support
Selects LG40 Recoilless Gun Paradrop
Panzergrenadier Squad
Stuka Strafing Run
Nebelwerfer 42 Rocket Launcher Team
StuG III G Assault Gun
Stuka Strafing Run
MG 42 Machine Gun Team
Selects Fallschirmjäger Squad Paradrop
StuG III G Assault Gun
Stuka Strafing Run
MG 42 Machine Gun Team
Selects Stuka Loiter
LG40 Recoilless Gun Paradrop
Stuka Strafing Run
Pak 40 Anti-tank Gun Team
Construct Panzer Kompanie
Selects Infantry Reserves
Stoßtruppen Squad
Stoßtruppen Squad
Sturmpanzer IV Brummbär
Pak 40 Anti-tank Gun Team
MG 42 Machine Gun Team
Stuka Loiter
Phan
kamacura
Green Sea Squash
ShoulderGuyGuy
디카페인도좋아
楚云飞
0
0

Comments sign in to comment!

No comments posted yet!